 Dungeon Crawl Stone Soup version 0.19-a0-1886-gd64a0f0 (webtiles) character file.

12912 sleepydude the Summoner (level 11, -1/76 (77) HPs)
             Began as a Vampire Summoner on Oct 13, 2016.
             Was a Priest of Sif Muna.
             Slain by an eight-headed hydra (6 damage)
             ... on level 3 of the Lair of Beasts on Oct 15, 2016.
             The game lasted 02:19:16 (17997 turns).

sleepydude the Summoner (Vampire Summoner)         Turns: 17997, Time: 02:19:17

HP:   -1/76 (77)    AC: 16    Str:  7    XL:     11   Next: 68%
MP:   22/22         EV: 14    Int: 22    God:    Sif Muna [***...]
Gold: 680           SH:  0    Dex: 14    Spells: 5 memorised, 12 levels left

rFire  . . .     SeeInvis +     A - +3 dagger (drain)
rCold  . . .     Gourm    .     l - +1 mottled dragon scales
rNeg   . . .     Faith    .     (no shield)
rPois  .         Spirit   .     V - +2 hat
rElec  .         Dismiss  .     (no cloak)
rCorr  .         Reflect  .     (no gloves)
MR     +....     Harm     .     d - +0 pair of boots
Stlth  ++++......               (no amulet)
                                T - ring of wizardry
                                P - +5 ring of protection

@: regenerating quickly
A: fangs 3, see invisible, unbreathing
a: Divine Energy, Channel Magic, Renounce Religion


You were on level 3 of the Lair of Beasts.
You worshipped Sif Muna.
Sif Muna was most pleased with you.
You were full.

You visited 3 branches of the dungeon, and saw 13 of its levels.

You collected 680 gold pieces.

Inventory:

Hand Weapons
 e - a +0 short sword
 f - a +0 dagger
 A - a +3 dagger of draining (weapon)
Armour
 a - a +0 robe
 d - a +0 pair of boots (worn)
 l - +1 mottled dragon scales (worn)
 F - the +0 ring mail of Hedge Wizardry {Str+2}
   (You found it on level 8 of the Dungeon)

   It affects your strength (+2).
 K - a +1 robe of magic resistance
 V - a +2 hat (worn)
Jewellery
 p - an uncursed ring of ice
 x - an uncursed ring of protection from fire
 P - a +5 ring of protection (left hand)
 T - a ring of wizardry (right hand)
 U - an uncursed ring of fire
Wands
 y - a wand of paralysis (7/24)
 B - a wand of polymorph (8/24)
 J - a wand of enslavement (10/24)
 O - a wand of acid (7/15)
 Q - a wand of lightning (5/15)
 S - a wand of lightning (8/15)
Scrolls
 g - 15 scrolls of identify
 k - 2 scrolls of recharging
 o - a scroll of fear
 v - 3 scrolls of teleportation
 D - 6 scrolls of remove curse
 M - 2 scrolls of enchant weapon
 W - a scroll of fog
Potions
 c - 4 potions of heal wounds {unknown}
 h - 5 potions of might
 i - 4 potions of magic {unknown}
 j - 2 potions of cure mutation {unknown}
 n - 4 potions of degeneration {unknown}
 q - 3 potions of flight {unknown}
 r - 3 potions of lignification {unknown}
 s - 2 potions of brilliance {unknown}
 t - 3 potions of curing {unknown}
 u - a potion of mutation {unknown}
 w - a potion of berserk rage {unknown}
 E - a potion of ambrosia {unknown}
 G - a potion of resistance {unknown}
 L - 8 potions of blood
Books
 b - a book of Callings

   Spells                             Type                      Level
   a - Summon Small Mammal            Summoning                    1
   b - Call Imp                       Summoning                    2
   c - Call Canine Familiar           Summoning                    3
   d - Summon Guardian Golem          Hexes/Summoning              3
   e - Summon Lightning Spire         Summoning/Air                4
   f - Summon Ice Beast               Ice/Summoning                4
 z - a book of the Tempests

   Spells                             Type                      Level
   a - Static Discharge               Conjuration/Air              3
   b - Lightning Bolt                 Conjuration/Air              5
   c - Fireball                       Conjuration/Fire             5
   d - Tornado                        Air                          9
   e - Shatter                        Earth                        9
 H - a book of Conjurations

   Spells                             Type                      Level
   a - Magic Dart                     Conjuration                  1
   b - Searing Ray                    Conjuration                  2
   c - Dazzling Spray                 Conjuration/Hexes            3
   d - Fulminant Prism                Conjuration/Hexes            4
   e - Iskenderun's Mystic Blast      Conjuration                  4
   f - Iskenderun's Battlesphere      Conjuration/Charms           5
 R - a book of Flames

   Spells                             Type                      Level
   a - Flame Tongue                   Conjuration/Fire             1
   b - Throw Flame                    Conjuration/Fire             2
   c - Conjure Flame                  Conjuration/Fire             3
   d - Inner Flame                    Hexes/Fire                   3
   e - Sticky Flame                   Conjuration/Fire             4
   f - Fireball                       Conjuration/Fire             5


   Skills:
 + Level 4.0 Fighting
 - Level 0.4 Short Blades
 - Level 6.2 Armour
 - Level 5.9 Dodging
 - Level 10.1 Stealth
 + Level 7.5 Spellcasting
 - Level 1.3 Hexes
 - Level 12.6 Summonings


You had 12 spell levels left.
You knew the following spells:

 Your Spells              Type           Power        Failure   Level  Hunger
a - Summon Small Mammal   Summ           ####         1%          1    None
b - Call Imp              Summ           ######..     1%          2    None
c - Call Canine Familiar  Summ           ######..     1%          3    None
d - Summon Guardian Gole  Hex/Summ       #####...     1%          3    None
e - Summon Lightning Spi  Summ/Air       #####...     4%          4    ###....


Dungeon Overview and Level Annotations

Branches:
Dungeon (9/15)             Temple (1/1) D:7            Lair (3/6) D:9
  Swamp: Lair:2-4    Shoals: Lair:2-4     Snake: Lair:2-4    Spider: Lair:2-4
    Orc: D:9-12

Altars:
Ashenzari
Cheibriados
Dithmenos
Elyvilon
Fedhas
Gozag
Hepliaklqana
Kikubaaqudgha
Makhleb
Nemelex Xobeh
Okawaru
Qazlal
Ru
Sif Muna
Trog
Uskayaw
Vehumet
Xom
Yredelemnul
Zin
The Shining One

Shops:
D:4 !

Annotations:
D:5 Menkaure


Innate Abilities, Weirdness & Mutations

Your natural rate of healing is unusually fast.
You have razor-sharp teeth.
You have supernaturally acute eyesight. (SInv)
You can survive without breathing.


Message History

The eight-headed hydra bites you but does no damage.
The eight-headed hydra bites you. The eight-headed hydra bites you!
The eight-headed hydra barely misses you.
The eight-headed hydra completely misses you.
The eight-headed hydra bites you but does no damage.
The eight-headed hydra bites you!
The eight-headed hydra barely misses you.
The eight-headed hydra bites you.
The eight-headed hydra barely misses you.
The eight-headed hydra bites you. x2
There is a stone staircase leading up, spattered with blood here.
The eight-headed hydra bites you!
The eight-headed hydra closely misses you.
The eight-headed hydra bites you!
* * * LOW HITPOINT WARNING * * *
The eight-headed hydra bites you but does no damage.
The eight-headed hydra bites you!
* * * LOW HITPOINT WARNING * * *
The eight-headed hydra bites you.
You die...

###......#..#
..........<.
...........
........ #.....
#.<.##### # #..#
.#.##.. #D.#
......# #.@#
F§.....
#..##.......
#...........
#..#P......#
#..##+P.#### ##
#...#....P#
####..##...........
...§.§.............
...§§§.............


You could see an eight-headed hydra.

Vanquished Creatures
  A spiny frog (Lair:1)
  Grinder (D:5)
  A two-headed ogre (D:8)
  A blink frog (Lair:2)
  2 hippogriffs
  A spriggan (D:7)
  A steam dragon (D:9)
  Duvessa (D:7)
  A porcupine (Lair:1)
  An orc warrior (D:8)
  2 crocodiles
  4 bullfrogs
  A wight (D:9)
  A crimson imp (D:9)
  An orc priest (D:4)
  3 orc wizards
  A worker ant (D:6)
  A centaur simulacrum (D:8)
  2 gnolls (D:3)
  5 adders
  2 river rats (D:9)
  A shadow imp (D:9)
  An ooze (D:1)
  A worm (D:6)
  5 orcs
  3 bats
  A goblin (D:2)
  3 jackals
  A kobold (D:9)
  2 quokkas
  A ball python (D:4)
  2 frilled lizards
  A rat (D:1)
  A toadstool (D:1)
57 creatures vanquished.

Vanquished Creatures (collateral kills)
  Rupert (Lair:3)
  Gastronok (Lair:2)
  2 hydras
  A catoblepas (Lair:2)
  Pikel (D:5)
  A faun (Lair:2)
  A black mamba (Lair:2)
  The ghost of Kingduke777 the Destroyer, a novice DECj (D:5)
  3 spiny frogs
  A rime drake (Lair:2)
  A komodo dragon (Lair:2)
  A polar bear (D:8)
  A hornet (D:8)
  9 blink frogs
  9 hippogriffs
  12 yaks
  3 hungry ghosts
  Edmund (D:5)
  3 water moccasins
  2 porcupines
  2 orc warriors
  4 slaves (D:5)
  3 ice beasts (D:8)
  2 sky beasts
  A necrophage (D:5)
  2 ogres
  4 phantoms
  A big kobold (D:9)
  6 crocodiles
  A gnoll sergeant (D:3)
  11 bullfrogs
  2 scorpions
  Dowan (D:7)
  14 wights
  2 howler monkeys
  6 crimson imps
  3 hounds
  A quasit (D:5)
  3 orc priests
  2 jellies
  2 bullfrog skeletons
  3 gnoll shamans (D:3)
  4 iguanas
  7 orc wizards
  A centaur skeleton (D:5)
  9 worker ants
  A killer bee zombie (D:7)
  A bullfrog simulacrum (D:8)
  A hound skeleton (D:6)
  A howler monkey zombie (D:6)
  A worker ant zombie (D:5)
  Robin (D:2)
  32 gnolls
  A howler monkey skeleton (D:4)
  13 adders
  2 river rats (D:9)
  A white imp (D:8)
  An ufetubus (D:8)
  2 oozes
  3 worms
  3 dart slugs
  5 leopard geckos
  26 orcs
  6 giant cockroaches
  3 hobgoblins
  27 jackals
  8 quokkas
  3 ball pythons
  11 bats
  5 frilled lizards
  15 goblins
  8 kobolds
  17 rats
  A plant (D:9)
351 creatures vanquished.

Vanquished Creatures (others)
  The ghost of gribnar the Covered, a novice GrFi of Okawaru (D:6)
  A yak (Lair:2)
  An orc warrior (D:7)
  A bush (Lair:2)
  3 toadstools (D:1)
7 creatures vanquished.

Grand Total: 415 creatures vanquished

Notes
Turn   | Place    | Note
-------+----------+-------------------------------------------
     0 | D:1      | sleepydude the Vampire Summoner began the quest for the Orb.
     0 | D:1      | Reached XP level 1. HP: 13/13 MP: 3/3
   698 | D:1      | Reached XP level 2. HP: 19/19 MP: 0/5
  1148 | D:1      | Learned a level 2 spell: Call Imp
  1178 | D:1      | Reached XP level 3. HP: 24/24 MP: 0/6
  1943 | D:2      | Noticed Robin
  1988 | D:2      | Killed Robin
  2411 | D:2      | Reached XP level 4. HP: 30/30 MP: 1/8
  2539 | D:3      | Learned a level 3 spell: Call Canine Familiar
  3013 | D:3      | Reached skill level 5 in Summonings
  3131 | D:3      | Noticed an ogre
  3156 | D:3      | Killed an ogre
  3156 | D:3      | Reached XP level 5. HP: 35/35 MP: 5/10
  3769 | D:3      | Reached XP level 6. HP: 24/41 MP: 9/11
  4174 | D:3      | Reached skill level 6 in Summonings
  4465 | D:4      | Learned a level 3 spell: Summon Guardian Golem
  4904 | D:4      | Reached XP level 7. HP: 47/47 MP: 6/13
  5057 | D:4      | Found Ysaxafuq's Distillery.
  5653 | D:5      | Entered Level 5 of the Dungeon
  5684 | D:5      | Noticed Kingduke777's ghost (novice DECj)
  5698 | D:5      | Killed Kingduke777's ghost
  5698 | D:5      | Reached skill level 1 in Fighting
  5698 | D:5      | Reached skill level 5 in Spellcasting
  5698 | D:5      | Reached skill level 1 in Hexes
  5951 | D:5      | Found a glowing golden altar of the Shining One.
  5967 | D:5      | Noticed Pikel
  6217 | D:5      | Killed Pikel
  6217 | D:5      | Reached skill level 5 in Stealth
  6217 | D:5      | Reached skill level 7 in Summonings
  6217 | D:5      | Reached XP level 8. HP: 54/54 MP: 11/16
  7096 | D:5      | Noticed Grinder
  7097 | D:5      | Noticed Edmund
  7098 | D:5      | Paralysed by Grinder for 5 turns
  7181 | D:5      | Killed Grinder
  7262 | D:5      | Killed Edmund
  7415 | D:5      | Noticed Menkaure
  7742 | D:5      | Reached skill level 1 in Armour
  8044 | D:6      | Noticed gribnar's ghost (novice GrFi)
  8087 | D:6      | Killed gribnar's ghost
  8087 | D:6      | Reached skill level 5 in Dodging
  8397 | D:6      | Reached XP level 9. HP: 58/58 MP: 11/18
  8492 | D:6      | Reached skill level 8 in Summonings
  8800 | D:6      | Found a sacrificial altar of Ru.
  9792 | D:7      | Found a staircase to the Ecumenical Temple.
 10294 | D:7      | Noticed Duvessa
 10303 | D:7      | Noticed Dowan
 10318 | D:7      | Killed Dowan
 10328 | D:7      | Killed Duvessa
 10546 | D:7      | Found a sacrificial altar of Ru.
 10547 | D:7      | Found a sparkling altar of Nemelex Xobeh.
 10805 | D:7      | Found a shadowy altar of Dithmenos.
 10842 | Temple   | Entered the Ecumenical Temple
 11086 | Temple   | Became a worshipper of Sif Muna the Loreminder
 11468 | D:8      | Got a jewelled ring mail
 11480 | D:8      | Identified the +0 ring mail of Hedge Wizardry {Str+2} (You found it on level 8 of the Dungeon)
 11653 | D:8      | Reached skill level 9 in Summonings
 12107 | D:8      | Reached XP level 10. HP: 50/64 MP: 4/20
 12431 | D:8      | Reached skill level 10 in Stealth
 12877 | D:9      | Learned a level 4 spell: Summon Lightning Spire
 12891 | D:9      | Reached * piety under Sif Muna
 13005 | D:9      | Found a staircase to the Lair.
 13046 | D:9      | Found a blossoming altar of Fedhas.
 13248 | D:9      | Reached skill level 10 in Summonings
 13626 | Lair:1   | Entered Level 1 of the Lair of Beasts
 13781 | Lair:1   | Reached ** piety under Sif Muna
 13975 | D:9      | Noticed a spiny frog
 13978 | D:9      | Killed a spiny frog
 14220 | Lair:1   | Reached skill level 5 in Armour
 14336 | Lair:1   | Noticed a four-headed hydra
 14374 | Lair:1   | Killed a four-headed hydra
 14374 | Lair:1   | Reached skill level 11 in Summonings
 14532 | Lair:1   | Noticed a spiny frog
 14559 | Lair:1   | Killed a spiny frog
 14776 | Lair:1   | Noticed a spiny frog
 14797 | Lair:1   | Killed a spiny frog
 15260 | Lair:2   | Noticed a seven-headed hydra
 15275 | Lair:2   | Killed a seven-headed hydra
 15275 | Lair:2   | Reached *** piety under Sif Muna
 15275 | Lair:2   | Reached XP level 11. HP: 35/69 MP: 3/21
 15632 | Lair:2   | Noticed Gastronok
 15648 | Lair:2   | Killed Gastronok
 15648 | Lair:2   | Reached skill level 12 in Summonings
 15652 | Lair:2   | Noticed a catoblepas
 15667 | Lair:2   | Killed a catoblepas
 15673 | Lair:2   | Upgraded the game from 0.19-a0-1878-gcbc8a98 to 0.19-a0-1883-gc9e4fd8
 16896 | Lair:2   | HP: 3/71 [blink frog (14)]
 17367 | Lair:2   | Upgraded the game from 0.19-a0-1883-gc9e4fd8 to 0.19-a0-1886-gd64a0f0
 17388 | Lair:3   | Noticed Rupert
 17402 | Lair:3   | Killed Rupert
 17550 | Lair:3   | Noticed an eight-headed hydra
 17997 | Lair:3   | Slain by an eight-headed hydra

Vault maps used:
D:1:      ldierk_water_garden
D:2:      uniq_robin
D:3:      lemuel_castle_with_subvaults
D:4:      gup_sewer_entry_bubbles, first_bread, serial_shops, nicolae_shop_stone
D:5:      kennysheep_windowed_halls, basic_altar, minivault_14, uniq_edmund,
          uniq_menkaure, uniq_grinder, uniq_pikel
D:6:      nicolae_ru_great_annihilating_truth
D:7:      gammafunk_temple_overflow_pools, kennysheep_mini, the_bakery,
          uniq_duvessa
D:8:      serial_ice, serial_ice_c, serial_ice_b, serial_ice_f, serial_ice_e,
          serial_ice_h, serial_ice_n
D:9:      kennysheep_blocky_hall, grunt_lair_entry_orc_guard_hut, basic_altar
Temple:   dpeg_five_rooms_temple
Lair:1:   nicolae_volcano_entry_two_sided, grunt_megastairs_5
Lair:2:   grunt_forest_large_clearings, uniq_gastronok
Lair:3:   minmay_hedge_maze, small_statue_intersection,
          grunt_forest_small_clearing_treed, uniq_rupert

Skill      XL: |  1  2  3  4  5  6  7  8  9 10 11 |
---------------+----------------------------------+-----
Spellcasting   | 3 4 5 6 7 |  7.5
Summonings     | 5 6 7 9 11 12 | 12.6
Stealth        | 4 5 7 9 10 | 10.1
Dodging        | 3 5 |  5.9
Fighting       | 1 4 |  4.0
Hexes          | 1 |  1.3
Armour         | 1 3 5 6 |  6.2
Short Blades   | |  0.4

Action                   |  1- 3 |  4- 6 |  7- 9 | 10-12 || total
-------------------------+-------+-------+-------+-------++-------
Melee: Unarmed           |     4 |       |       |       ||     4
       Short sword       |    30 |       |       |       ||    30
       Bite              |     1 |     3 |     4 |     5 ||    13
       Dagger            |       |    38 |    73 |    75 ||   186
 Cast: Summon Small Mamm |    63 |    13 |     7 |     3 ||    86
       Call Imp          |    15 |    43 |   102 |    64 ||   224
       Call Canine Famil |       |    25 |    67 |    56 ||   148
       Summon Guardian G |       |     5 |    35 |    16 ||    56
       Summon Lightning  |       |       |       |    31 ||    31
Evoke: Wand              |       |       |     1 |       ||     1
  Use: Potion            |     1 |    11 |     6 |     6 ||    24
       Scroll            |     3 |     5 |     4 |     7 ||    19
 Stab: Sleeping          |     3 |     3 |     8 |    16 ||    30
       Distracted        |       |       |     2 |     2 ||     4
  Eat: Corpse            |    10 |    17 |    27 |    20 ||    74
Armor: Robe              |    15 |    14 |    38 |    24 ||    91
       Mottled dragon sc |       |       |       |    41 ||    41
Dodge: Dodged            |    57 |    67 |   156 |   184 ||   464
